 Dungeon Crawl Stone Soup version 0.21.1-1-g345015f (webtiles) character file.

38 jerryfan the Bolt Thrower (level 3, -1/28 HPs)
             Began as a Gnoll Wanderer on May 13, 2018.
             Slain by Crazy Yiuf
             ... wielding a +2 quarterstaff of chaos
              (2 damage)
             ... on level 2 of the Dungeon.
             The game lasted 00:05:14 (1395 turns).

jerryfan the Bolt Thrower (Gnoll Wanderer)          Turns: 1395, Time: 00:05:17

Health: -1/28      AC:  8    Str: 14    XL:     3   Next: 43%
Magic:  4/4        EV:  9    Int: 16    God:
Gold:   65         SH:  0    Dex: 13    Spells: 3/3 levels left

rFire    . . .     SeeInvis .   b - +0 mace
rCold    . . .     Gourm    .   (no shield)
rNeg     . . .     Faith    .   a - +2 scale mail
rPois    .         Spirit   .   (no helmet)
rElec    .         Reflect  .   d - scarf {repulsion}
rCorr    +         Harm     .   (no gloves)
MR       .....                  (no boots)
Stlth    +.........             (no amulet)
HPRegen  0.09/turn              k - ring of resist corrosion
MPRegen  0.09/turn              (no ring)

@: drained, repel missiles
A: distributed training, fangs 1, strong nose
a: no special abilities


You were on level 2 of the Dungeon.
You were not hungry.

You visited 1 branch of the dungeon, and saw 2 of its levels.

You collected 65 gold pieces.

Inventory:

Hand Weapons
 b - a +0 mace (weapon)
 c - a +0 short sword
 j - a +0 dagger
Armour
 a - a +2 scale mail (worn)
 d - a scarf of repulsion (worn)
Jewellery
 k - a ring of resist corrosion (left hand)
Scrolls
 e - a scroll of magic mapping {unknown}
 h - a scroll of amnesia {unknown}
 l - a scroll of remove curse {unknown}
 m - 2 scrolls of identify {unknown}
 n - a scroll of fear {unknown}
 o - a scroll of blinking {unknown}
Potions
 g - a potion of curing {unknown}
 i - a potion of heal wounds {unknown}
Comestibles
 f - 7 rations
 p - 4 chunks of flesh


   Skills:
 + Level 2.6(2.0) Fighting
 + Level 4.5(4.0) Short Blades
 + Level 0.7(0.2) Long Blades
 + Level 0.7(0.2) Axes
 + Level 0.7(0.2) Maces & Flails
 + Level 0.7(0.2) Polearms
 + Level 0.7(0.2) Staves
 + Level 0.7(0.2) Slings
 + Level 0.7(0.2) Bows
 + Level 6.5(5.9) Crossbows
 + Level 0.7(0.2) Throwing
 + Level 2.6(2.0) Armour
 + Level 0.7(0.2) Dodging
 + Level 4.1(3.6) Stealth
 + Level 2.6(2.0) Shields
 + Level 0.7(0.2) Unarmed Combat
 + Level 0.7(0.2) Spellcasting
 + Level 0.5(0.0) Conjurations
 + Level 0.5(0.0) Hexes
 + Level 0.5(0.0) Charms
 + Level 0.5(0.0) Summonings
 + Level 0.5(0.0) Necromancy
 + Level 0.5(0.0) Translocations
 + Level 0.5(0.0) Transmutations
 + Level 0.5(0.0) Fire Magic
 + Level 0.5(0.0) Ice Magic
 + Level 0.5(0.0) Air Magic
 + Level 0.5(0.0) Earth Magic
 + Level 0.5(0.0) Poison Magic
 + Level 0.9(0.4) Invocations
 + Level 0.7(0.2) Evocations


You had 3 spell levels left.
You didn't know any spells.

Dungeon Overview and Level Annotations

Branches:
Dungeon (2/15)

Altars:

Annotations:
D:2 Crazy Yiuf


Innate Abilities, Weirdness & Mutations

Your experience applies equally to all skills.
You have very sharp teeth.
Your uncanny sense of smell can sniff out nearby items.


Message History

Crazy Yiuf is lightly wounded.
Crazy Yiuf hits you with a quarterstaff of chaos.
You hit Crazy Yiuf but do no damage.
Crazy Yiuf is lightly wounded.
Crazy Yiuf barely misses you.
Crazy Yiuf hits you with a quarterstaff of chaos.
Crazy Yiuf burns you.
You closely miss Crazy Yiuf.
Crazy Yiuf is lightly wounded.
Crazy Yiuf grits, "Trifle spinner sing!"
Crazy Yiuf hits you with a quarterstaff of chaos.
Crazy Yiuf freezes you.
* * * LOW HITPOINT WARNING * * *
You hit Crazy Yiuf.
Crazy Yiuf is moderately wounded.
Crazy Yiuf yells, "Lugonu!"
Crazy Yiuf hits you with a quarterstaff of chaos!
* * * LOW HITPOINT WARNING * * *
You feel drained.
You die...

#### ♣♣####
#)))#♣♣ ♣♣....##
#.)g@)♣♣♣♣.P....#
#)))#♣))♣)P♣....#
#### ♣♣♣)♣)P..#.#
♣♣♣♣♣###.# #.#
########.# .# .#.
.........#
...>...
########.# #
#.#..# #.#


You could see Crazy Yiuf.

Vanquished Creatures
  A gnoll (D:1)
  An adder (D:2)
  A ball python (D:1)
  4 goblins (D:1)
  2 hobgoblins
  3 jackals (D:2)
  A kobold (D:1)
  2 frilled lizards
  4 rats
  2 fungi (D:2)
21 creatures vanquished.

Notes
Turn   | Place    | Note
-------+----------+-------------------------------------------
     0 | D:1      | jerryfan the Gnoll Wanderer began the quest for the Orb.
     0 | D:1      | jerryfan set off with: a +2 scale mail, a +0 mace, a +0 short sword, a +0 dagger, a ration
     0 | D:1      | Reached XP level 1. HP: 17/17 MP: 1/1
    42 | D:1      | Reached XP level 2. HP: 4/23 MP: 2/2
  1152 | D:2      | Reached XP level 3. HP: 28/28 MP: 3/3
  1382 | D:2      | Found a runed door.
  1386 | D:2      | Noticed Crazy Yiuf
  1395 | D:2      | HP: 1/28 [Crazy Yiuf/quarterstaff of chaos (7)]
  1395 | D:2      | Slain by Crazy Yiuf

Action                   || total
-------------------------++-------
Melee: Mace              ||   114
       Bite              ||     7
  Eat: Chunk             ||     2
Armor: Scale mail        ||    50
Dodge: Dodged            ||    41
